 Dungeon Sprint DCSS version 0.28-a0-69-g49dcd67cf8 (webtiles) character file.

Game seed: 4979958518864341109

340 xpp the Nimble (level 6, -2/61 HPs)
             Began as a Draconian Berserker on July 31, 2021.
             Was a Believer of Trog.
             Slain by a merfolk siren (19 damage)
             ... in the Dungeon (Sprint II: "The Violet Keep of Menkaure").
             The game lasted 00:00:53 (79 turns).

xpp the Nimble (Draconian Berserker)                  Turns: 79, Time: 00:00:55

Health: -2/61      AC:  6    Str: 20    XL:     6   Next: 30%
Magic:  6/6        EV: 15    Int:  8    God:    Trog [**....]
Gold:   243        SH:  0    Dex: 11    Spells: 5/5 levels left

rFire   . . .      SeeInvis .   a - +0 falchion
rCold   . . .      Faith    .   (no shield)
rNeg    . . .      Spirit   .   (armour unavailable)
rPois   .          Reflect  .   (helmet restricted)
rElec   .          Harm     .   (no cloak)
rCorr   .          Rampage  .   (no gloves)
Will    .....      NoTele   +   (no boots)
Stlth   +.........              (no amulet)
HPRegen 0.20/turn               (no ring)
MPRegen 0.10/turn               (no ring)

@: on berserk cooldown, slowed, very slow
A: AC +6, unfitting armour, cold-blooded
a: Renounce Religion, Berserk, Trog's Hand


You were in the Dungeon.
You worshipped Trog.
Trog was pleased with you.
You visited 1 branch You collected 243 gold pieces.

Inventory:

Hand Weapons
 a - a +0 falchion (weapon)
Scrolls
 g - a scroll of blinking
Potions
 b - a potion of curing
 c - a potion of heal wounds
 d - a potion of haste
 e - 2 potions of magic
 f - a potion of berserk rage


   Skills:
 + Level 8.2 Fighting
 + Level 7.2 Long Blades
 * Level 9.2 Dodging


You had 5 spell levels left.
You didn't know any spells.
Your spell library was empty.

Dungeon Overview and Level Annotations

Branches:
Dungeon (1/1)

Altars:


Innate Abilities, Weirdness & Mutations

Your plain brown scales are hard. (AC +6)
You cannot fit into any form of body armour.
You are cold-blooded and may be slowed by cold attacks.


Message History

You feel a strong urge to attack something.
The merfolk siren hits you with a +0 trident.
There is an open door here.
You completely miss the merfolk siren. You barely miss the merfolk siren.
The merfolk siren barely misses you.
You barely miss the merfolk siren.
Your tail-slap misses the merfolk siren.
You closely miss the merfolk siren.
The merfolk siren hits you with a +0 trident!!
You closely miss the merfolk siren.
The merfolk siren hits you with a +0 trident.
You hit the merfolk siren.
The merfolk siren is lightly wounded.
You slash the merfolk siren!
Your tail-slap misses the merfolk siren.
The merfolk siren is moderately wounded.
The merfolk siren completely misses you.
You slash the merfolk siren!
Your tail-slap misses the merfolk siren.
The merfolk siren is heavily wounded.
You slash the merfolk siren!
The merfolk siren is severely wounded.
The merfolk siren closely misses you.
You hit the merfolk siren.
The merfolk siren is almost dead.
The merfolk siren hits you with a +0 trident!
You closely miss the merfolk siren.
The merfolk siren is almost dead.
You hit the merfolk siren.
The merfolk siren is almost dead.
The merfolk siren hits you with a +0 trident.
* * * LOW HITPOINT WARNING * * *
You closely miss the merfolk siren.
Your tail-slap misses the merfolk siren.
The merfolk siren is almost dead.
You are no longer berserk.
You are exhausted.
You feel yourself slow down.
The merfolk siren hits you with a +0 trident!!
You die... ## ## ##$ .## .. ..
B#B

### #
#+###.##
#.s###.##...#
#$+.<.†.##+
#.s###.##...#
# #@###.##
#.m.# ##
#..#..# ##.
.## ## ##


You could see a merfolk siren.

Vanquished Creatures
  4 necrophages (D)
4 creatures vanquished.

Vanquished Creatures (others)
  A water moccasin (D)
1 creature vanquished.

Grand Total: 5 creatures vanquished

Notes
Turn   | Place    | Note
-------+----------+-------------------------------------------
     0 | D        | xpp the Draconian Berserker began the quest for the Orb.
     0 | D        | Reached XP level 1. HP: 19/19 MP: 1/1
     1 | D        | Noticed a scorpion
     1 | D        | Noticed a scorpion
     4 | D        | Noticed a boulder beetle
     4 | D        | Noticed a boulder beetle
     7 | D        | Noticed a necrophage
     7 | D        | Noticed a necrophage
     7 | D        | Noticed a necrophage
     7 | D        | Noticed a necrophage
    13 | D        | Killed a necrophage
    14 | D        | Reached skill level 5 in Fighting
    14 | D        | Reached skill level 5 in Long Blades
    14 | D        | Reached skill level 6 in Dodging
    14 | D        | Reached XP level 2. HP: 29/29 MP: 2/2
    14 | D        | Reached XP level 3. HP: 36/36 MP: 3/3
    14 | D        | Reached XP level 4. HP: 42/42 MP: 4/4
    18 | D        | Killed a necrophage
    19 | D        | Reached skill level 7 in Dodging
    19 | D        | Reached XP level 5. HP: 51/51 MP: 5/5
    22 | D        | Killed a necrophage
    22 | D        | Reached ** piety under Trog
    23 | D        | Reached skill level 8 in Dodging
    32 | D        | Killed a necrophage
    33 | D        | Reached skill level 9 in Dodging
    33 | D        | Reached XP level 6. HP: 46/61 MP: 6/6
    34 | D        | Killed a water moccasin
    64 | D        | Noticed a merfolk siren
    79 | D        | Slain by a merfolk siren

Illustrated notes

Levels and vault maps discovered:
D:        the_violet_keep_of_menkaure [sprint2_stairs_cluster_1,
          sprint2_shoproom, sprint2_temple, sprint2_basic_supplies,
          sprint2_obstacle_2, sprint2_obstacle_4, sprint2_obstacle_7,
          sprint2_obstacle_3, sprint2_obstacle_5, sprint2_timed_cluster_1,
          sprint2_smallroom_cluster_1, sprint2_smallroom_final_cluster_1,
          sprint2_transparent_cluster_1, sprint2_second_timed_cluster_1,
          sprint2_sniper_area_1, sprint2_heavy_combat_area_1,
          sprint2_mutation_trap_area_1, sprint2_forest_area_1,
          sprint2_light_combat_area_1, sprint2_behind_water_1,
          sprint2_near_end_vault_1]

Skill      XL: |  1  2  3  4  5 |
---------------+----------------+-----
Fighting       | 5 6 8 |  8.2
Long Blades    | 5 6 7 |  7.2
Dodging        | 6 7 9 |  9.2

Action                   |  1- 3 |  4- 6 || total
-------------------------+-------+-------++-------
Melee: Falchion          |     4 |    31 ||    35
       Tailslap          |     1 |     5 ||     6
Invok: Berserk           |     1 |     1 ||     2
Armor: Skin              |       |     2 ||     2
Dodge: Dodged            |     2 |     9 ||    11
       Rpst.: Falchion   |       |     2 ||     2

Table legend: (Time is in decaauts)
 A = Elapsed time spent in this place.
 B = Non-inter-level travel time spent in this place.
 C = Inter-level travel time spent in this place.
 D = Time resting spent in this place.
 E = Time spent auto-exploring this place.
 F = Levels seen in this place.
 G = Mean time per level.
                   A        B        C        D        E       F      G
               +--------+--------+--------+--------+--------+-----+--------+
         Total |     78 |     78 |      0 |     29 |      0 |   1 |   78.0 |
       Dungeon |     78 |     78 |      0 |     29 |      0 |   1 |   78.0 |
               +--------+--------+--------+--------+--------+-----+--------+

Top non-repeatable levels by time:
       D: 78 daAuts
